 Dungeon Crawl Stone Soup version 0.26-a0-576-gcfaa98f (webtiles) character file.

Game seed: 13039538269290493101

1146 Hazorath the Chucker (level 8, 0/46 HPs)
             Began as a Kobold Brigand on Aug 22, 2020.
             Was a Believer of Trog.
             Slain by a bullfrog zombie (3 damage)
             ... on level 5 of the Dungeon.
             The game lasted 00:14:33 (4753 turns).

Hazorath the Chucker (Kobold Brigand)               Turns: 4753, Time: 00:14:34

Health: 0/46       AC:  3    Str: 10    XL:     8   Next: 64%
Magic:  8/8        EV: 18    Int: 12    God:    Trog [**....]
Gold:   223        SH:  0    Dex: 17    Spells: 7/7 levels left

rFire    . . .     SeeInvis .   a - +2 dagger
rCold    . . .     Faith    .   (shield restricted)
rNeg     . . .     Spirit   .   b - +0 robe
rPois    .         Reflect  .   (no helmet)
rElec    .         Harm     .   l - +0 cloak
rCorr    .                      (no gloves)
MR       .....                  (no boots)
Stlth    ++++......             (no amulet)
HPRegen  0.15/turn              (no ring)
MPRegen  0.11/turn              (no ring)

@: berserk cooldown, hasted and slowed, lightly drained
A: small, nightstalker 3
a: Berserk, Trog's Hand, Renounce Religion


You were on level 5 of the Dungeon.
You worshipped Trog.
Trog was pleased with you.
You visited 2 branches of the dungeon, and saw 6 of its levels.

You collected 223 gold pieces.

Inventory:

Hand Weapons
 a - a +2 dagger (weapon)
 q - a +0 dagger of venom
Missiles
 d - 17 poisoned darts (quivered)
 p - a curare-tipped dart
Armour
 b - a +0 robe (worn)
 c - a +0 cloak
 l - a +0 cloak (worn)
 r - a +0 leather armour
Wands
 e - a wand of iceblast (8)
Scrolls
 j - a scroll of blinking {unknown}
 k - 2 scrolls of remove curse {unknown}
 m - a scroll of amnesia {unknown}
Potions
 f - 3 potions of berserk rage
 g - 2 potions of haste
 h - a potion of might
 i - a potion of curing
 n - 2 potions of brilliance
 o - a potion of lignification {unknown}


   Skills:
 + Level 3.5(3.4) Fighting
 * Level 5.5(5.3) Short Blades
 - Level 7.4(7.3) Throwing
 + Level 6.1(5.9) Dodging
 - Level 6.0(5.8) Stealth


You had 7 spell levels left.
You didn't know any spells.
Your spell library was empty.

Dungeon Overview and Level Annotations

Branches:
Dungeon (5/15)             Temple (1/1) D:4

Altars:
Ashenzari
Cheibriados
Fedhas
Hepliaklqana
Kikubaaqudgha
Ru
Trog
Vehumet
Wu Jian
Xom
Yredelemnul
Zin
The Shining One

Shops:
D:5 [(


Innate Abilities, Weirdness & Mutations

You are small and have problems with some larger weapons.
You are completely attuned to the shadows.


Message History

Aim: a bullfrog zombie (lightly damaged)
You throw a poisoned dart.
The poisoned dart hits the bullfrog zombie.
The bullfrog zombie is lightly damaged.
The bullfrog zombie misses you.
Press: ? - help, v - describe, . - travel, g - get item
Here: a bullfrog zombie (lightly damaged)
Items here: ( ) [ †.
The floor.
Throwing (i - inventory. (/) - cycle)
d - 18 poisoned darts (quivered)
Press: ? - help, Shift-Dir - straight line, f/p - bullfrog zombie
Aim: a bullfrog zombie (lightly damaged)
You throw a poisoned dart.
The poisoned dart hits the bullfrog zombie.
The bullfrog zombie is lightly damaged.
The bullfrog zombie hits you.
* * * LOW HITPOINT WARNING * * *
Items here: ( )) [[ †.
The bullfrog zombie hits you.
You die...

.........# .......$.# #....#
....Z....###....##
....).Z.....<....#
.........∩...#...####
..........##.##.>...
...#(...)###......###
####.(.)#####.##....#
#.#.(.Z@(..###.#.##
####.#.######## #.#..#
.......# #....#### .####..##
####...>. ......##########
#.#####.
#####..........######.#.....
#.....###.....÷......###.
#.....#..o#..[......##...
#......†##########.......


You could see a bullfrog zombie.

Vanquished Creatures
  Pikel (D:4)
  An ogre (D:4)
  A water moccasin zombie (D:5)
  5 hounds
  A quasit (D:4)
  4 orc wizards
  2 iguanas (D:4)
  3 gnolls (D:4)
  8 adders
  2 white imps
  An ooze (D:3)
  5 worms
  2 dart slugs
  4 leopard geckos
  13 orcs
  A ball python (D:3)
  2 giant cockroaches
  8 goblins
  A hobgoblin (D:1)
  3 jackals (D:1)
  3 quokkas
  A bat (D:2)
  4 frilled lizards
  2 goblin skeletons (D:4)
  A goblin zombie (D:4)
  4 hobgoblin zombies (D:4)
  3 kobolds
  3 kobold skeletons (D:4)
  A kobold zombie (D:4)
  An orc skeleton (D:4)
  An orc zombie (D:4)
  2 rats
94 creatures vanquished.

Vanquished Creatures (others)
  A fungus (D:5)
  5 plants (D:3)
6 creatures vanquished.

Grand Total: 100 creatures vanquished

Notes
Turn   | Place    | Note
-------+----------+-------------------------------------------
     0 | D:1      | Hazorath the Kobold Brigand began the quest for the Orb.
     0 | D:1      | Reached XP level 1. HP: 12/12 MP: 1/1
   166 | D:1      | Reached XP level 2. HP: 17/17 MP: 2/2
   679 | D:2      | Found a basalt altar of Yredelemnul.
   686 | D:2      | Found a sacrificial altar of Ru.
   721 | D:2      | Reached skill level 3 in Throwing
   721 | D:2      | Reached XP level 3. HP: 21/21 MP: 3/3
  1268 | D:2      | Reached XP level 4. HP: 20/26 MP: 4/4
  1765 | D:3      | Reached skill level 4 in Throwing
  2076 | D:3      | Reached XP level 5. HP: 12/30 MP: 5/5
  2693 | D:4      | Noticed a lemure
  2693 | D:4      | Noticed a lemure
  2695 | D:4      | Noticed Pikel
  2699 | D:4      | Noticed a lemure
  2699 | D:4      | Noticed a lemure
  2718 | D:4      | HP: 1/30 [Pikel/iceblast (16)]
  2720 | D:4      | Killed Pikel
  2720 | D:4      | Reached skill level 7 in Throwing
  2720 | D:4      | Reached XP level 6. HP: 2/35 MP: 6/6
  2720 | D:4      | Reached XP level 7. HP: 2/40 MP: 7/7
  3033 | D:4      | Reached skill level 5 in Dodging
  3064 | D:4      | Found a staircase to the Ecumenical Temple.
  3070 | Temple   | Entered the Ecumenical Temple
  3159 | Temple   | Became a worshipper of Trog the Wrathful
  3279 | D:4      | Reached XP level 8. HP: 33/44 MP: 8/8
  3333 | D:4      | Found a glowing golden altar of the Shining One.
  3771 | D:4      | Reached * piety under Trog
  4044 | D:5      | Entered Level 5 of the Dungeon
  4248 | D:5      | Found Moudus's Antique Armour Shop.
  4474 | D:5      | Reached skill level 5 in Short Blades
  4675 | D:5      | Found Gur Puru's Antique Weapon Emporium.
  4738 | D:5      | Reached ** piety under Trog
  4747 | D:5      | HP: 2/46 [bullfrog zombie (5)]
  4753 | D:5      | Slain by a bullfrog zombie

Illustrated notes

Levels and vault maps discovered:
D:1:      denvon_arrival_waterhouse, layout_basic
D:2:      layout_basic, lemuel_doored_altar, overflow_temple_1_default
D:3:      cheibrodos_old_hovel, layout_loops_ring
D:4:      layout_gridville, nicolae_tso_besieged_by_evil,
          minmay_temple_entry_butterflies, minmay_misc_feat_cross, uniq_pikel
D:5:      layout_rooms, minmay_overflow_temple_hex, old_standard_altar,
          serial_shops, shop, nicolae_shop_behind_doors, shop,
          uniq_crazy_yiuf_cottage
Temple:   cyrus_temple_forest

Skill      XL: |  1  2  3  4  5  6  7  8 |
---------------+-------------------------+-----
Throwing       | 3 4 7 |  7.4
Stealth        | 6 |  6.0
Dodging        | 2 4 5 6 |  6.1
Short Blades   | 3 5 |  5.5
Fighting       | 3 |  3.5

Action                   |  1- 3 |  4- 6 |  7- 9 || total
-------------------------+-------+-------+-------++-------
Melee: Dagger            |    40 |    60 |   225 ||   325
Throw: Dart              |    14 |    28 |    29 ||    71
Invok: Berserk           |       |       |     1 ||     1
  Use: Scroll            |     2 |     2 |     2 ||     6
       Potion            |       |     1 |     2 ||     3
 Stab: Sleeping          |    17 |     7 |    11 ||    35
       Distracted        |       |       |     2 ||     2
Armor: Robe              |     4 |     2 |    29 ||    35
Dodge: Dodged            |    16 |    38 |   217 ||   271

Table legend: (Time is in decaauts)
 A = Elapsed time spent in this place.
 B = Non-inter-level travel time spent in this place.
 C = Inter-level travel time spent in this place.
 D = Time resting spent in this place.
 E = Time spent auto-exploring this place.
 F = Levels seen in this place.
 G = Mean time per level.
                   A        B        C        D        E       F      G
               +--------+--------+--------+--------+--------+-----+--------+
         Total |   4693 |   4606 |     87 |    166 |   3514 |   6 |  782.2 |
       Dungeon |   4575 |   4525 |     50 |    166 |   3436 |   5 |  915.0 |
        Temple |    117 |     80 |     37 |      0 |     78 |   1 |  117.0 |
               +--------+--------+--------+--------+--------+-----+--------+

Top non-repeatable levels by time:
     D:4: 1265 daAuts
     D:3: 1152 daAuts
     D:2: 869 daAuts
     D:5: 669 daAuts
     D:1: 619 daAuts
  Temple: 117 daAuts
